 Dungeon Crawl Stone Soup version 0.20.1-1-g8b1a95d (webtiles) character file.

190 Linguinho the Skirmisher (level 5, -1/42 HPs)
             Began as a Demonspawn Fighter on Nov 13, 2017.
             Killed from afar by an orc wizard (5 damage)
             ... with a magic dart
             ... on level 3 of the Dungeon.
             The game lasted 00:02:03 (1669 turns).

Linguinho the Skirmisher (Demonspawn Fighter)       Turns: 1669, Time: 00:02:04

Health: -1/42      AC:  6    Str: 23    XL:     5   Next: 41%
Magic:  0/5        EV:  8    Int:  9    God:
Gold:   107        SH: 14    Dex: 12    Spells: 4/4 levels left

rFire    . . .     SeeInvis .   a - +0 war axe
rCold    . . .     Gourm    .   p - +0 large shield
rNeg     . . .     Faith    .   b - +0 scale mail
rPois    .         Spirit   +   (no helmet)
rElec    .         Reflect  .   (no cloak)
rCorr    .         Harm     .   (no gloves)
MR       .....                  (no boots)
Stlth    ..........             (no amulet)
Regen    0.2/turn               (no ring)
MPRegen  0.2/turn               (no ring)

@: mighty
A: repulsion field 1, magic shield, magic regeneration
a: no special abilities


You were on level 3 of the Dungeon.
You were hungry.

You visited 1 branch of the dungeon, and saw 3 of its levels.

You collected 107 gold pieces.

Inventory:

Hand Weapons
 a - a +0 war axe (weapon)
Armour
 b - a +0 scale mail (worn)
 c - a +0 shield
 p - a +0 large shield (worn)
Jewellery
 g - a +5 ring of dexterity {unknown}
 n - an uncursed ring of protection from magic {unknown}
Scrolls
 h - a scroll of amnesia {unknown}
 i - a scroll of remove curse {unknown}
 k - a scroll of identify {unknown}
 l - 2 scrolls of enchant armour {unknown}
 o - a scroll of teleportation {unknown}
Potions
 e - 4 potions of curing
 m - a potion of haste {unknown}
 r - a potion of lignification {unknown}
Comestibles
 f - a bread ration
 j - 2 meat rations
 q - a royal jelly


   Skills:
 + Level 3.8 Fighting
 + Level 3.3 Axes
 + Level 3.4 Armour
 + Level 1.0 Dodging
 + Level 3.3 Shields


You had 4 spell levels left.
You didn't know any spells.

Dungeon Overview and Level Annotations

Branches:
Dungeon (3/15)

Altars:


Innate Abilities, Weirdness & Mutations

You are surrounded by a mild repulsion field. (EV +2)
When hurt, damage is shared between your health and your magic reserves.
You regenerate magic rapidly.


Message History

* * * LOW HITPOINT WARNING * * *
You block the orc's attack.
The orc priest calls down the wrath of Beogh upon you.
You barely resist. The orc hits you but does no damage.
The orc wizard gestures wildly while chanting.
The orc wizard blinks!
You slash the orc priest!
You kill the orc priest!
Your Dodging skill increases to level 1!
You slash the orc!
You kill the orc!
Unknown command.
You block the orc wizard's attack.
Items here: ))) [[[ †† You miss the orc wizard.
The orc wizard is lightly wounded.
The orc wizard hits you but does no damage.
The orc wizard points at you and mumbles some strange words.
The magic dart hits you!
You die...

#..# ...#
#...
..####..# #
......###.#.#
#..........
#<# .#
#.##..#...
#[@.......
##o#.#####
#o# # ...
#.#. #.#. ..#
# .##


You could see an orc wizard and an orc.

Vanquished Creatures
  3 orc priests (D:3)
  An orc wizard (D:3)
  2 adders (D:2)
  An ooze (D:2)
  2 dart slugs (D:1)
  4 orcs (D:3)
  3 bats
  5 giant cockroaches (D:1)
  5 goblins
  5 hobgoblins
  6 jackals
  2 frilled lizards (D:1)
  2 kobolds (D:2)
  3 rats
44 creatures vanquished.

Notes
Turn   | Place    | Note
-------+----------+-------------------------------------------
     0 | D:1      | Linguinho the Demonspawn Fighter began the quest for the Orb.
     0 | D:1      | Reached XP level 1. HP: 18/18 MP: 1/1
   136 | D:1      | Gained mutation: When hurt, damage is shared between your health and your magic reserves. [demonic ancestry]
   136 | D:1      | Reached XP level 2. HP: 24/24 MP: 2/2
   557 | D:1      | Gained mutation: You regenerate magic rapidly. [demonic ancestry]
   557 | D:1      | Reached XP level 3. HP: 29/29 MP: 3/3
  1631 | D:2      | Gained mutation: You are surrounded by a mild repulsion field. (EV +2) [demonic ancestry]
  1631 | D:2      | Reached XP level 4. HP: 34/35 MP: 4/4
  1664 | D:3      | Reached XP level 5. HP: 14/42 MP: 1/5
  1667 | D:3      | Reached skill level 1 in Dodging
  1669 | D:3      | Killed from afar by an orc wizard

Skill      XL: |  1  2  3  4  5 |
---------------+----------------+-----
Shields        | 3 |  3.3
Axes           | 2 3 |  3.3
Armour         | 3 |  3.4
Dodging        | 1 |  1.0
Fighting       | |  3.8

Action                   |  1- 3 |  4- 6 || total
-------------------------+-------+-------++-------
Melee: War axe           |    94 |    15 ||   109
  Use: Potion            |       |     2 ||     2
  Eat: Chunk             |     2 |       ||     2
Armor: Scale mail        |    53 |     3 ||    56
Dodge: Dodged            |    32 |     9 ||    41
Block: Shield            |    50 |       ||    50
       Large shield      |     8 |    21 ||    29
